 Dungeon Crawl Stone Soup version 0.28-a0-622-gbaef9634d7 (webtiles) character file.

Game seed: 8074816557791106453

695 Rennog the Magician (level 7, -3/36 HPs)
             Began as a Deep Elf Conjurer on Oct 7, 2021.
             Was an Initiate of Vehumet.
             Slain by a scorpion (6 damage)
             ... on level 5 of the Dungeon.
             The game lasted 00:08:12 (4580 turns).

Rennog the Magician (Deep Elf Conjurer)             Turns: 4580, Time: 00:08:12

Health: -3/36      AC:  3    Str:  3    XL:     7   Next: 37%
Magic:  5/19       EV: 14    Int: 23    God:    Vehumet [......]
Gold:   77         SH:  0    Dex: 14    Spells: 14/20 levels left

rFire   . . .      SeeInvis .   g - +2 falchion (protect)
rCold   . . .      Faith    .   (no shield)
rNeg    . . .      Spirit   .   a - +0 robe
rPois   .          Reflect  .   (no helmet)
rElec   .          Harm     .   (no cloak)
rCorr   .          Rampage  .   q - +0 pair of gloves
Will    .....                   (no boots)
Stlth   +++.......              (no amulet)
HPRegen 0.12/turn               (no ring)
MPRegen 0.16/turn               (no ring)

@: brilliant, lethally poisoned (-3 -> -7), attractive
A: talons 1, weak 1, wild magic 1
a: Renounce Religion


You were on level 5 of the Dungeon.
You worshipped Vehumet.
Vehumet was noncommittal.
You visited 2 branches of the dungeon, and saw 6 of its levels.

You collected 77 gold pieces.

Inventory:

Hand Weapons
 g - a +2 falchion of protection (weapon)
 h - a +2 vorpal hand axe
Missiles
 i - 2 throwing nets
Armour
 a - a +0 robe (worn)
 q - a +0 pair of gloves (worn)
Magical Staves
 c - a staff of death
Jewellery
 o - a ring of fire
Scrolls
 b - a scroll of vulnerability {unknown}
 e - 4 scrolls of identify
 f - 3 scrolls of magic mapping
 j - a scroll of noise {unknown}
 n - 2 scrolls of enchant weapon {unknown}
 r - a scroll of torment {unknown}
Potions
 d - a potion of attraction
 k - a potion of heal wounds {unknown}
 m - a potion of brilliance
 p - a potion of curing {unknown}


   Skills:
 + Level 4.9 Dodging
 + Level 5.2 Stealth
 * Level 7.4 Spellcasting
 + Level 5.8 Conjurations


You had 14 spell levels left.
You knew the following spells:

 Your Spells              Type           Power      Damage    Failure   Level
a - Magic Dart            Conj           100%       1d8       1%          1
b - Searing Ray           Conj           100%       2d8       2%          2
c - Dazzling Flash        Conj/Hex       84%        N/A       11%         3

Your spell library contained the following spells:

 Spells                   Type           Power      Damage    Failure   Level
 Fulminant Prism          Conj/Hex       21%        3d13      30%         4
 Iskenderun's Mystic Bla  Conj/Tloc      42%        2d10      30%         4


Dungeon Overview and Level Annotations

Branches:
Dungeon (5/15)             Temple (1/1) D:4

Altars:
Ashenzari
Fedhas
Okawaru
Ru
Vehumet
Zin

Shops:
D:1 *

Annotations:
D:4 Edmund


Innate Abilities, Weirdness & Mutations

You have sharp toenails.
You are weak. (Str -2)
Your spells are a little harder to cast, but a little more powerful.


Message History

The scorpion barely misses you.
The scorpion stings you but does no damage.
You hit the scorpion.
The scorpion is moderately wounded.
The scorpion barely misses you.
You hit the scorpion but do no damage.
The scorpion is moderately wounded.
The scorpion stings you but does no damage.
The scorpion barely misses you.
You hit the scorpion but do no damage.
The scorpion is moderately wounded.
The scorpion stings you but does no damage.
You closely miss the scorpion.
The scorpion is moderately wounded.
The scorpion misses you. The scorpion stings you!
You are poisoned.
The scorpion poisons you!
You barely miss the scorpion.
The scorpion is moderately wounded.
You hear the slow hiss of a very distant avalanche of sand.
You feel very sick. The scorpion stings you.
* * * LOW HITPOINT WARNING * * *
It was a potion of attraction.
You feel attractive to monsters.
* * * LOW HITPOINT WARNING * * *
You feel sick. The scorpion closely misses you.
The scorpion stings you but does no damage.
It was a potion of brilliance.
You feel clever all of a sudden.
* * * LOW HITPOINT WARNING * * *
You feel sick.
The hound stops to sniff the ground.
The scorpion misses you.
It was a potion of mutation.
You feel extremely strange.
You feel weaker.
You feel less in control of your magic.
Your toenails lengthen and sharpen.
* * * LOW HITPOINT WARNING * * *
You feel sick. The scorpion stings you.
You die...

.......#>....... .......#........
### #.#............ ..#
.............. #.#
###..##........
#####.####....##....# ..
##.......@sh.##...!.####..
#.).####.###.[............. ##.#
###...[.##..........#.
##..####...................#
#####..........######..........#.
#......##...#.## #............
#.<...#.###.# ###.#.##.#..#
###.#.....#.# #....##...##
#.#..##.#.# #..#.##.....


You could see a scorpion and a hound.

Vanquished Creatures
  Sigmund (D:3)
  A black bear (D:4)
  A phantom (D:5)
  A water moccasin skeleton (D:3)
  A hound (D:4)
  Jessica (D:2)
  Ijyb (D:2)
  An iguana (D:4)
  A hound skeleton (D:4)
  Robin (D:3)
  7 gnolls
  7 adders
  An adder zombie (D:5)
  4 orcs
  2 endoplasms
  A giant cockroach (D:3)
  15 goblins
  5 hobgoblins
  5 jackals
  12 ball pythons
  2 bats
  3 frilled lizards
  5 kobolds
  5 rats
84 creatures vanquished.

Notes
Turn   | Place    | Note
-------+----------+-------------------------------------------
     0 | D:1      | Rennog the Deep Elf Conjurer began the quest for the Orb.
     0 | D:1      | Reached XP level 1. HP: 10/10 MP: 6/6
   237 | D:1      | Found Qanias's Assorted Antiques.
   416 | D:1      | Reached XP level 2. HP: 15/15 MP: 6/8
   538 | D:1      | Learned a level 2 spell: Searing Ray
   573 | D:2      | Found a faded altar of an unknown god.
   887 | D:2      | Noticed Jessica
   893 | D:2      | Killed Jessica
   894 | D:2      | Reached skill level 4 in Spellcasting
   894 | D:2      | Reached XP level 3. HP: 19/19 MP: 0/10
  1035 | D:2      | Reached XP level 4. HP: 14/24 MP: 6/12
  1309 | D:2      | Learned a level 3 spell: Dazzling Flash
  1386 | D:3      | Noticed Sigmund
  1427 | D:3      | Noticed Robin
  1716 | D:3      | Reached skill level 5 in Spellcasting
  1716 | D:3      | Reached skill level 5 in Conjurations
  1716 | D:3      | Reached XP level 5. HP: 14/28 MP: 3/14
  2233 | D:3      | Noticed Ijyb
  2238 | D:3      | Paralysed by Ijyb for 5 turns
  2246 | D:3      | Paralysed by Ijyb for 4 turns
  2477 | D:2      | Killed Ijyb
  2579 | D:3      | Killed Robin
  3107 | D:3      | Killed Sigmund
  3108 | D:3      | Reached skill level 6 in Spellcasting
  3108 | D:3      | Reached XP level 6. HP: 32/32 MP: 11/17
  3640 | D:4      | Found a staircase to the Ecumenical Temple.
  3652 | Temple   | Entered the Ecumenical Temple
  3733 | Temple   | Became a worshipper of Vehumet
  4063 | D:4      | Noticed Edmund
  4333 | D:4      | Reached skill level 5 in Stealth
  4333 | D:4      | Reached skill level 7 in Spellcasting
  4333 | D:4      | Reached XP level 7. HP: 23/36 MP: 12/19
  4481 | D:5      | Entered Level 5 of the Dungeon
  4580 | D:5      | Gained mutation: You are weak. (Str -2) [potion of
                  | mutation]
  4580 | D:5      | Gained mutation: Your spells are a little harder to cast,
                  | but a little more powerful. [potion of mutation]
  4580 | D:5      | Gained mutation: You have sharp toenails. [potion of
                  | mutation]
  4580 | D:5      | Slain by a scorpion

Illustrated notes

Levels and vault maps discovered:
D:1:      tarquinn_simple_flora_water_f, layout_basic, serial_shops, shop
D:2:      layout_basic, ebering_ecumenical_altar_sacrificial, uniq_jessica
D:3:      minmay_wonky_spiral, layout_basic, uniq_robin, uniq_ijyb, uniq_sigmund
D:4:      layout_basic, minmay_temple_entry_glass, uniq_edmund
D:5:      layout_rooms, nicolae_ossuary_entry_ruins
Temple:   roderic_octagonal_lattice_temple

Skill      XL: |  1  2  3  4  5  6 |
---------------+-------------------+-----
Stealth        | 3 4 5 |  5.2
Dodging        | 3 4 |  4.9
Spellcasting   | 4 5 6 7 |  7.4
Conjurations   | 5 |  5.8

Action                   |  1- 3 |  4- 6 |  7- 9 || total
-------------------------+-------+-------+-------++-------
Melee: Falchion          |       |       |    15 ||    15
 Cast: Magic Dart        |    33 |    82 |    14 ||   129
       Searing Ray       |     3 |    21 |     5 ||    29
  Use: Scroll            |       |     3 |       ||     3
       Potion            |       |       |     3 ||     3
Armor: Robe              |       |    11 |     9 ||    20
Dodge: Dodged            |     1 |    46 |    25 ||    72

Table legend: (Time is in decaauts)
 A = Elapsed time spent in this place.
 B = Non-inter-level travel time spent in this place.
 C = Inter-level travel time spent in this place.
 D = Time resting spent in this place.
 E = Time spent auto-exploring this place.
 F = Levels seen in this place.
 G = Mean time per level.
                   A        B        C        D        E       F      G
               +--------+--------+--------+--------+--------+-----+--------+
         Total |   4593 |   4211 |    382 |   1433 |   2250 |   6 |  765.5 |
       Dungeon |   4497 |   4154 |    343 |   1433 |   2199 |   5 |  899.4 |
        Temple |     96 |     57 |     39 |      0 |     51 |   1 |   96.0 |
               +--------+--------+--------+--------+--------+-----+--------+

Top non-repeatable levels by time:
     D:2: 2283 daAuts
     D:3: 795 daAuts
     D:4: 744 daAuts
     D:1: 571 daAuts
     D:5: 102 daAuts
  Temple: 96 daAuts
